 Dungeon Crawl Stone Soup version 0.19-a0-958-gd69d43c (webtiles) character file.

14945 Herrn the Fighter (level 12, -6/114 HPs)
             Began as a Naga Fire Elementalist on July 11, 2016.
             Was a High Priest of Okawaru.
             Mangled by a big kobold
             ... wielding a +0 dagger
              (8 damage)
             ... on level 11 of the Dungeon.
             The game lasted 01:02:39 (16343 turns).

Herrn the Fighter (Naga Fire Elementalist)         Turns: 16343, Time: 01:02:40

Health: -6/114     AC:  8    Str: 10      XL:     12   Next: 21%
Magic:  0/30       EV: 16    Int: 22 (25) God:    Okawaru [*****.]
Gold:   577        SH:  0    Dex: 15      Spells: 4 memorised, 11 levels left

rFire  x . .     SeeInvis +     M - +3 battleaxe
rCold  . . .     Gourm    .     a - +1 robe
rNeg   . . .     Faith    .     (shield currently unavailable)
rPois  +         Spirit   +     R - -1 helmet of Weirdness {Regen+ MP+9 Dex+2} (curse)
rElec  .         Dismiss  .     H - +1 cloak
rCorr  .         Reflect  .     (no gloves)
SustAt .         Harm     .     (no barding)
MR     +....                    O - amulet "Qujitota" {Spirit *Drain rF- Int+7 Stlth+}
Stlth  +++.......               F - +3 ring of evasion
                                E - ring of wizardry

@: about to teleport, very slightly contaminated, hasted, heavily drained,
quick, somewhat resistant to hostile enchantments, fairly stealthy
A: see invisible, deformed body, dopey 1, poison resistance, slowness 2, slow
metabolism 1, spit poison 2, AC +4
a: Spit Poison, Heroism, Finesse, Renounce Religion


You were on level 11 of the Dungeon.
You worshipped Okawaru.
Okawaru was extremely pleased with you.
You were not hungry.

You visited 3 branches of the dungeon, and saw 14 of its levels.
You also visited: Sewer and Ossuary.

You collected 935 gold pieces.
You spent 358 gold pieces at shops.

Inventory:

Hand Weapons
 M - a +3 battleaxe (weapon)
 N - a +5 war axe
 T - a +2 hand axe of flaming
Armour
 a - a +1 robe (worn)
 x - a +0 plate armour
 C - a +1 helmet
 H - a +1 cloak (worn)
 P - a -2 leather armour
 R - the cursed -1 helmet of Weirdness (worn) {Regen+ MP+9 Dex+2}
   (You found it on level 11 of the Dungeon)

   It affects your dexterity (+2).
   It affects your magic capacity (+9).
   It increases your rate of regeneration.
   It has a curse placed upon it.
Magical Staves
 S - an uncursed staff of poison {unknown}
Jewellery
 B - an uncursed amulet of the gourmand
 E - a ring of wizardry (left hand)
 F - a +3 ring of evasion (right hand)
 O - the amulet "Qujitota" (around neck) {Spirit *Drain rF- Int+7 Stlth+}
   (You bought it in a shop on level 9 of the Dungeon)

   [amulet of guardian spirit]

   It causes incoming damage to be split between your health and magic.
   It affects your intelligence (+7).
   It makes you vulnerable to fire.
   It causes draining when unequipped.
   It makes you more stealthy.
Wands
 o - a wand of iceblast (9/15)
 y - a wand of flame (41/48)
 G - a wand of teleportation (5/9)
Scrolls
 f - a scroll of recharging {unknown}
 g - 3 scrolls of noise
 i - 3 scrolls of enchant armour
 j - a scroll of teleportation
 k - 7 scrolls of remove curse
 q - 3 scrolls of enchant weapon
 s - 4 scrolls of amnesia
 D - 4 scrolls of magic mapping
Potions
 e - 6 potions of curing
 l - 2 potions of might
 m - a potion of cure mutation
 n - 2 potions of flight
 p - 5 potions of brilliance
 v - a potion of invisibility
 I - a potion of beneficial mutation
 K - a potion of lignification
Books
 b - a book of Flames

   Spells                             Type                      Level
   a - Flame Tongue                   Conjuration/Fire             1
   b - Throw Flame                    Conjuration/Fire             2
   c - Conjure Flame                  Conjuration/Fire             3
   d - Inner Flame                    Hexes/Fire                   3
   e - Sticky Flame                   Conjuration/Fire             4
   f - Fireball                       Conjuration/Fire             5
 r - a book of Alchemy

   Spells                             Type                      Level
   a - Sublimation of Blood           Necromancy                   2
   b - Ignite Poison                  Fire/Transmutation/Poison    3
   c - Petrify                        Transmutation/Earth          4
   d - Alistair's Intoxication        Transmutation/Poison         5
   e - Irradiate                      Conjuration/Transmutation    5
 t - a book of Burglary

   Spells                             Type                      Level
   a - Swiftness                      Charms/Air                   2
   b - Passwall                       Transmutation/Earth          2
   c - Passage of Golubria            Translocation                4
   d - Lee's Rapid Deconstruction     Earth                        5
   e - Darkness                       Hexes                        6
   f - Invisibility                   Hexes                        6
Comestibles
 c - 9 bread rations
 d - 7 chunks of flesh
 h - 12 meat rations
 J - 17 fruits
 L - 7 slices of pizza


   Skills:
 * Level 9.2(7.0) Fighting
 * Level 8.6(6.4) Axes
 + Level 1.1(0.0) Armour
 + Level 8.1(6.0) Dodging
 - Level 3.0(1.1) Stealth
 - Level 6.0(4.0) Spellcasting
 + Level 7.6(5.5) Conjurations
 * Level 3.9(1.9) Transmutations
 - Level 3.0(1.1) Fire Magic
 * Level 4.1(2.1) Earth Magic


You had 11 spell levels left.
You knew the following spells:

 Your Spells              Type           Power        Failure   Level  Hunger
a - Flame Tongue          Conj/Fire      ###..        1%          1    None
b - Sticky Flame          Conj/Fire      ###.....     14%         4    ####...
c - Passwall              Tmut/Erth      ##........   4%          2    #......
d - Irradiate             Conj/Tmut      ###.......   41%         5    ######.


Dungeon Overview and Level Annotations

Branches:
Dungeon (11/15)            Temple (1/1) D:6            Lair (0/6) D:9
    Orc (2/2) D:10            Elf (0/3) Orc:2

Altars:
Ashenzari
Cheibriados
Dithmenos
Elyvilon
Fedhas
Gozag
Hepliaklqana
Kikubaaqudgha
Makhleb
Nemelex Xobeh
Okawaru
Pakellas
Qazlal
Ru
Sif Muna
Trog
Uskayaw
Vehumet
Xom
Yredelemnul
Zin
The Shining One

Shops:
D:9 }**}

Annotations:
D:2 1 runed door


Innate Abilities, Weirdness & Mutations

You cannot wear boots.
Your serpentine skin is tough. (AC +4)
You have supernaturally acute eyesight. (SInv)
Armour fits poorly on your strangely shaped body.
Your system is resistant to poisons. (rPois)
You cover ground very slowly.
You have a slow metabolism.
You can spit poison.
You are dopey. (Int -2)


Message History

* * * LOW HITPOINT WARNING * * *
The shadow imp laughs crazily.
The shadow imp barely misses you. The ice devil closely misses you.
The big kobold barely misses you.
The kobold demonologist looks braver for a moment.
You feel better. The neqoxec gestures at you.
Strange energies course through your body.
You feel stupid. The red devil misses you.
Unknown command.
Unknown command.
You feel better.
The kobold demonologist burns!
The kobold demonologist stops burning.
The shadow imp misses you. The ice devil hits you!
* * * LOW HITPOINT WARNING * * *
The ice devil freezes you!!
* * * LOW HITPOINT WARNING * * *
The big kobold hits you with a dagger!
You die...

####...#####P≈≈≈≈#..###..########
#...# #PP≈P.'.)# #.(#
####...################..########
.................................
..........##############...######
#######...# #...#
#######...##############...######
...).......c)..3)K4..............
..........cc(((.@55..............
##.(.......(.(..K4...............
#..#############................
##..#############................
.........)....(>(................
...(.......#############.........
#########..# #.########
#..#############.########
#########........................


You could see an ice devil, a kobold demonologist, a neqoxec, a red devil, a big
kobold, 3 centaurs, a white imp and a shadow imp.

Vanquished Creatures
  Snorg (D:11)
  The ghost of Arkorax the Fighter, a journeyman DrFi of Makhleb (D:11)
  A hydra (D:11)
  An orc high priest (D:10)
  Sonja (D:11)
  Pikel (D:7)
  An ugly thing (D:11)
  2 cyclopes (D:11)
  A kobold demonologist (D:11)
  3 trolls
  Prince Ribbit (D:7)
  Grinder (D:3)
  A wyvern (D:9)
  3 yaks
  A wraith (Ossuary)
  A hippogriff (D:9)
  A warg (Orc:1)
  2 water moccasins
  12 orc warriors
  2 ice beasts (D:8)
  2 phantoms
  A black bear (D:7)
  A sky beast (D:11)
  8 ogres
  9 centaurs
  2 crocodiles (D:9)
  9 big kobolds
  10 giant frogs
  2 scorpions
  4 killer bees
  4 wights (D:7)
  5 crimson imps
  2 centaur zombies
  A giant frog zombie (D:7)
  5 jellies
  A quasit (D:10)
  2 hounds
  9 orc priests
  2 giant frog skeletons
  2 gnoll shamans (D:5)
  2 centaur skeletons
  8 orc wizards
  Ijyb (D:2)
  Terence (D:3)
  2 iguanas (D:7)
  19 worker ants
  2 sheep (D:11)
  A hound skeleton (D:9)
  A mummy (Ossuary)
  12 adders
  11 gnolls
  3 river rats (D:9)
  3 shadow imps
  An ooze (Sewer)
  3 adder skeletons
  2 worms (D:4)
  4 dart slugs
  9 giant geckos
  39 orcs
  10 giant cockroaches
  6 goblins
  6 hobgoblins
  7 jackals (D:6)
  7 quokkas
  5 ball pythons
  15 bats
  7 giant newts
  10 gnoll skeletons (Ossuary)
  37 kobolds
  7 kobold skeletons (Ossuary)
  8 orc skeletons (Ossuary)
  A quokka zombie (D:6)
  17 rats
  A butterfly (D:9)
387 creatures vanquished.

Vanquished Creatures (others)
  A slave (D:7)
  An orc priest (D:7)
  2 orcs (D:7)
  3 fungi (D:9)
  A plant (D:11)
8 creatures vanquished.

Grand Total: 395 creatures vanquished

Notes
Turn   | Place    | Note
-------+----------+-------------------------------------------
     0 | D:1      | Herrn the Naga Fire Elementalist began the quest for the Orb.
     0 | D:1      | Reached XP level 1. HP: 15/15 MP: 3/3
    69 | D:1      | Reached skill level 1 in Fighting
   158 | D:1      | Reached XP level 2. HP: 25/25 MP: 1/5
   793 | D:2      | Found an oddly glowing altar of Pakellas.
   900 | D:2      | Noticed Ijyb
   921 | D:2      | Killed Ijyb
   921 | D:2      | Reached skill level 2 in Fighting
   921 | D:2      | Reached XP level 3. HP: 24/33 MP: 6/6
  1129 | D:2      | Reached XP level 4. HP: 34/40 MP: 2/7
  1537 | D:2      | Found a runed door.
  1761 | D:2      | Learned a level 4 spell: Sticky Flame
  1889 | D:3      | Reached skill level 3 in Fighting
  1889 | D:3      | Reached XP level 5. HP: 26/49 MP: 0/8
  2051 | D:3      | Found a glowing drain.
  2073 | Sewer    | Entered a sewer
  2227 | Sewer    | Noticed a big kobold
  2239 | Sewer    | Killed a big kobold
  2239 | Sewer    | Reached skill level 1 in Axes
  2239 | Sewer    | Reached XP level 6. HP: 20/56 MP: 0/9
  3075 | D:3      | Noticed Grinder
  3185 | D:3      | Paralysed by Grinder for 3 turns
  3194 | D:3      | Killed Grinder
  3194 | D:3      | Reached skill level 4 in Fighting
  3194 | D:3      | Reached XP level 7. HP: 42/64 MP: 2/10
  3233 | D:3      | Noticed Terence
  3241 | D:3      | Killed Terence
  4325 | D:4      | Got a smoking dagger
  4328 | D:4      | Identified the +9 dagger of Equilibrium {speed, *Noise Int+3 Dex+4} (You found it on level 4 of the Dungeon)
  4405 | D:5      | Entered Level 5 of the Dungeon
  4504 | D:4      | Reached XP level 8. HP: 52/73 MP: 8/11
  4686 | D:4      | Noticed a moth of wrath
  4772 | D:4      | Found a bloodstained altar of Trog.
  5225 | D:5      | Reached skill level 5 in Conjurations
  5245 | D:5      | Reached skill level 5 in Fighting
  5322 | D:5      | Found an ancient bone altar of Kikubaaqudgha.
  5372 | D:5      | Found a snail-covered altar of Cheibriados.
  5579 | D:5      | Reached XP level 9. HP: 57/81 MP: 6/14
  5772 | D:5      | Reached skill level 5 in Dodging
  6340 | D:6      | Found a staircase to the Ecumenical Temple.
  6361 | Temple   | Entered the Ecumenical Temple
  6388 | Temple   | Became a worshipper of Warmaster Okawaru
  7001 | D:7      | Noticed Pikel
  7181 | D:7      | Reached * piety under Okawaru
  7181 | D:7      | Reached skill level 5 in Axes
  7296 | D:7      | Killed Pikel
  7296 | D:7      | Reached ** piety under Okawaru
  7296 | D:7      | Reached skill level 6 in Fighting
  7344 | D:7      | Reached XP level 10. HP: 92/92 MP: 5/16
  7509 | D:7      | Noticed Prince Ribbit
  7516 | D:7      | Killed Prince Ribbit
  7850 | D:8      | Found a sand-covered staircase.
  7858 | Ossuary  | Entered an ossuary
  8784 | D:8      | Reached skill level 5 in Spellcasting
  9139 | D:8      | Reached skill level 7 in Fighting
 10092 | D:9      | Reached *** piety under Okawaru
 10234 | D:9      | Found a staircase to the Lair.
 10353 | D:9      | Found a runed door.
 10372 | D:9      | Found a runed door.
 10796 | D:9      | Learned a level 2 spell: Passwall
 10903 | D:9      | Found Xoamubuf's Gadget Shop.
 11001 | D:9      | Found Japikeg's Assorted Antiques.
 11010 | D:9      | Bought 2 cyan potions for 50 gold pieces
 11010 | D:9      | Bought 2 potions of lignification for 168 gold pieces
 11012 | D:9      | Found Pofenewe's Assorted Antiques.
 11021 | D:9      | Found Neorop's Gadget Shop.
 11092 | D:10     | Entered Level 10 of the Dungeon
 11735 | D:10     | Reached **** piety under Okawaru
 12261 | D:10     | Got a smoking leather armour
 12272 | D:10     | Identified the +3 leather armour of Cowardice {MR- rCorr Str-5 SInv} (You found it on level 10 of the Dungeon)
 12482 | D:10     | Reached skill level 1 in Earth Magic
 12486 | D:10     | Reached skill level 1 in Transmutations
 12486 | D:10     | Reached XP level 11. HP: 69/103 MP: 19/19
 13003 | D:9      | Bought a pitted ruby amulet for 140 gold pieces
 13004 | D:9      | Identified the amulet "Qujitota" {Spirit *Drain rF- Int+7 Stlth+} (You bought it in a shop on level 9 of the Dungeon)
 13249 | D:10     | Reached skill level 1 in Armour
 13473 | D:10     | Found a staircase to the Orcish Mines.
 13482 | Orc:1    | Entered Level 1 of the Orcish Mines
 13712 | Orc:1    | Noticed an orc high priest
 13712 | Orc:1    | Noticed an orc sorcerer
 13712 | Orc:1    | Noticed an orc sorcerer
 13786 | Orc:2    | Entered Level 2 of the Orcish Mines
 13804 | Orc:2    | Reached skill level 8 in Fighting
 13986 | Orc:2    | Learned a level 5 spell: Irradiate
 14073 | Orc:2    | Found a staircase to the Elven Halls.
 14545 | D:10     | Killed an orc high priest
 14749 | D:11     | Noticed Arkorax's ghost (journeyman DrFi)
 14778 | D:11     | Killed Arkorax's ghost
 14888 | D:11     | Noticed Snorg
 14903 | D:11     | Killed Snorg
 14903 | D:11     | Reached ***** piety under Okawaru
 15191 | D:11     | Got a faintly glowing helmet
 15198 | D:11     | Noticed a cyclops
 15207 | D:11     | Killed a cyclops
 15223 | D:11     | Identified the cursed -1 helmet of Weirdness {Regen+ MP+9 Dex+2} (You found it on level 11 of the Dungeon)
 15453 | D:11     | Noticed Sonja
 15465 | D:11     | Killed Sonja
 15714 | D:11     | Noticed a cyclops
 15722 | D:11     | Killed a cyclops
 15722 | D:11     | Received a gift from Okawaru
 15941 | D:11     | Noticed a brown ugly thing
 15954 | D:11     | Killed a brown ugly thing
 15954 | D:11     | Reached skill level 9 in Fighting
 15954 | D:11     | Reached XP level 12. HP: 56/114 MP: 12/21
 16051 | D:11     | Noticed a three-headed hydra
 16075 | D:11     | Killed a one-headed hydra
 16342 | D:11     | Gained mutation: You are dopey. (Int -2) [a neqoxec]
 16343 | D:11     | HP: 2/114 [ice devil[a kobold demonologist] (20)]
 16343 | D:11     | Mangled by a big kobold

Vault maps used:
D:1:      lightli_arrival_chessboard
D:2:      first_bread, grunt_pakellas_basics, uniq_iyjb, uniq_crazy_yiuf_cottage
D:3:      gup_sewer_entry_pipe, uniq_grinder, uniq_terence
D:4:      tgw_trog
D:5:      kennysheep_slug_shrine, basic_altar
D:7:      uniq_prince_ribbit1, uniq_pikel
D:8:      nicolae_ossuary_entry_plus
D:9:      lemuel_insect_pit, grunt_lair_entry_orc_guard_hut, serial_shops, shop,
          shop, shop_fountains, nicolae_shop_overgrown_old_shop
D:10:     david_orc_4
D:11:     hangedman_ranch, uniq_snorg, uniq_sonja
Temple:   grunt_wide_crystal_templ
Orc:2:    st_orc_town, mines1_david
Sewer:    kennysheep_pipe_town
Ossuary:  ossuary_due_mausoleum

Skill      XL: |  1  2  3  4  5  6  7  8  9 10 11 12 |
---------------+-------------------------------------+-----
Fighting       | 1 2 3 4 5 6 7 9 |  9.2
Dodging        | 2 3 4 6 7 8 |  8.1
Conjurations   | 2 3 4 5 6 7 |  7.6
Axes           | 1 2 3 4 5 7 8 |  8.6
Spellcasting   | 3 4 5 6 |  6.0
Earth Magic    | 1 3 4 |  4.1
Transmutations | 1 3 |  3.9
Armour         | 1 |  1.1
Stealth        | |  3.0
Fire Magic     | |  3.0

Action                   |  1- 3 |  4- 6 |  7- 9 | 10-12 || total
-------------------------+-------+-------+-------+-------++-------
Melee: Unarmed           |     1 |       |       |       ||     1
       Hand axe          |       |    17 |     2 |    19 ||    38
       Dagger            |       |       |   104 |       ||   104
       Battleaxe         |       |       |       |   405 ||   405
       War axe           |       |       |       |     5 ||     5
 Cast: Flame Tongue      |    15 |    64 |   170 |   170 ||   419
       Sticky Flame      |       |     1 |     4 |    41 ||    46
Invok: Heroism           |       |       |       |    11 ||    11
 Abil: Spit Poison       |    29 |    57 |    76 |    63 ||   225
  Use: Scroll            |       |     7 |     5 |    15 ||    27
       Potion            |       |     2 |     5 |    20 ||    27
 Stab: Sleeping          |       |       |     2 |     6 ||     8
       Distracted        |       |       |     1 |     1 ||     2
  Eat: Chunk             |     1 |    11 |    16 |    26 ||    54
       Beef jerky        |       |       |       |     2 ||     2
       Bread ration      |       |       |       |     1 ||     1
       Pizza             |       |       |       |     1 ||     1
Armor: Robe              |     5 |    17 |    35 |   162 ||   219
       Skin              |       |       |    52 |    12 ||    64
       Plate armour      |       |       |       |    17 ||    17
Dodge: Dodged            |     9 |    35 |    97 |   577 ||   718
